 Dungeon Crawl Stone Soup version 0.18-a0-1160-geb89fc2 (webtiles) character file.

26 dvd the Charlatan (level 2, -3/25 HPs)
             Began as a Deep Dwarf Artificer on Jan 24, 2016.
             Killed from afar by Ijyb (11 damage)
             ... with a wand of frost
             ... on level 2 of the Dungeon.
             The game lasted 00:02:28 (1022 turns).

dvd the Charlatan (Deep Dwarf Artificer)            Turns: 1022, Time: 00:02:29

Health: -3/25      AC:  3    Str: 16    XL:     2   Next: 89%
Magic:  5/5        EV: 12    Int: 12    God:
Gold:   47         SH:  0    Dex: 13    Spells: 0 memorised, 1 level left

rFire  . . .     SeeInvis .     a - +0 short sword
rCold  . . .     Gourm    .     b - +0 leather armour
rNeg   . . .     Faith    .     (no shield)
rPois  .         Spirit   .     (no helmet)
rElec  .         Dismiss  .     (no cloak)
rCorr  .         Reflect  .     (no gloves)
SustAt .         Harm     .     (no boots)
MR     .....                    (no amulet)
Stlth  ++........               (no ring)
                                n - +2 ring of strength

@: non-regenerating, not resistant to hostile enchantments, unstealthy
A: damage resistance, recharge devices, sense surroundings 1, slow regeneration
3
a: Device Recharging


You were on level 2 of the Dungeon.
You were not hungry.

You visited 1 branch of the dungeon, and saw 2 of its levels.

You collected 47 gold pieces.

Inventory:

Hand Weapons
 a - a +0 short sword (weapon)
Armour
 b - a +0 leather armour (worn)
Jewellery
 n - a +2 ring of strength (left hand)
Wands
 c - a wand of flame (13/48)
 d - a wand of enslavement (15/24)
 e - a wand of random effects (15/48)
 f - a wand of heal wounds (5/9)
Scrolls
 h - 2 scrolls of identify {unknown}
 i - a scroll of amnesia {unknown}
 m - a scroll of magic mapping {unknown}
 o - a scroll of enchant armour {unknown}
 p - a scroll of remove curse {unknown}
Potions
 j - a potion of curing {unknown}
 l - a potion of lignification {unknown}
 q - a potion of cancellation {unknown}
Comestibles
 g - a bread ration
 k - 2 chunks of flesh


   Skills:
 + Level 1.0 Fighting
 + Level 1.1 Short Blades
 + Level 0.2 Armour
 + Level 3.0 Dodging
 + Level 1.5 Stealth
 + Level 4.5 Evocations


You had one spell level left.
You didn't know any spells.

Dungeon Overview and Level Annotations

Branches:
Dungeon (2/15)

Altars:
Kikubaaqudgha

Annotations:
D:2 Ijyb


Innate Abilities, Weirdness & Mutations

You are resistant to damage.
You can recharge devices by infusing magical energy.
You passively map a small area around you.
You do not regenerate naturally.


Message History

Some of the chunks of flesh in your inventory have rotted away.
Found a meat ration and a scroll labeled OBEK ZIDUSA.
Ijyb the Twisted Goblin comes into view.
He is wielding a club.
Ijyb zaps a wand.
The puff of frost hits you!
It is a wand of frost.
You barely miss Ijyb.
Ijyb zaps a wand.
The puff of frost hits you!
Evoke which item? (* to show all) (? for menu, Esc to quit)
Zapping:
c - a wand of flame (15/48)
Press: ? - help, Shift-Dir - straight line, f - Ijyb
Aim: Ijyb, wielding a club and carrying a wand of frost {zapped: 2} The puff of flame hits Ijyb.
Ijyb is moderately wounded.
This wand has 14 charges left.
Ijyb hits you but does no damage.
Evoke which item? (* to show all) (? for menu, Esc to quit)
Zapping:
c - a wand of flame (14/48)
Press: ? - help, Shift-Dir - straight line, f/p - Ijyb
Aim: Ijyb, wielding a club and carrying a wand of frost {zapped: 2} (moderately wounded)
The puff of flame hits Ijyb.
Ijyb is heavily wounded.
This wand has 13 charges left.
Ijyb zaps a wand.
The puff of frost hits you!
You die...

, * ##....# ,
..##.###...###### ,
* *
#.................
*
#..#.###...#######*
#..#. ##.## *
*#..#?## #.#
#....%###.# * , ,
#..g#..##.# * *
#...@..##.#######
##..#.#.##........
.......#.##..######
, ,,.....>..#.##..#
, ..............#
,* ##.#..###.#####
* #,#.# #.# * ,#.
#.# #.#


You could see Ijyb.

Vanquished Creatures
  A worm (D:2)
  5 bats (D:1)
  2 bat skeletons (D:2)
  2 bat zombies (D:2)
  2 giant cockroaches (D:1)
  A goblin (D:1)
  2 hobgoblins
  A ball python (D:1)
  A giant newt (D:1)
  2 kobolds (D:1)
  4 rats
23 creatures vanquished.

Notes
Turn   | Place    | Note
--------------------------------------------------------------
     0 | D:1      | dvd the Deep Dwarf Artificer began the quest for the Orb.
     0 | D:1      | Reached XP level 1. HP: 16/16 MP: 3/3
   436 | D:1      | Reached XP level 2. HP: 21/24 MP: 5/5
   718 | D:1      | Reached skill level 1 in Short Blades
   927 | D:2      | Found an ancient bone altar of Kikubaaqudgha.
   927 | D:2      | Noticed a vampire bat
   927 | D:2      | Noticed a vampire bat
   946 | D:2      | Reached skill level 1 in Fighting
  1016 | D:2      | Noticed Ijyb
  1022 | D:2      | Killed from afar by Ijyb

Vault maps used:
D:1:      evilmike_arrival_rings
D:2:      kennysheep_vampire_church, minmay_misc_feat_encased, uniq_iyjb,
          uniq_jessica

Action                   || total
-------------------------++-------
Melee: Short sword       ||    84
Evoke: Wand              ||     2
 Stab: Sleeping          ||     2
